 Dungeon Crawl Stone Soup version 0.17.1-3-g152610e (webtiles) character file.

21 Gargoyl the Skirmisher (level 2, 0/24 HPs)
             Began as a Demonspawn Abyssal Knight on Apr 14, 2016.
             Was a Follower of Lugonu.
             Slain by a kobold (1 damage)
             ... on level 1 of the Dungeon.
             The game lasted 00:02:38 (804 turns).

Gargoyl the Skirmisher (Demonspawn Abyssal Knight)   Turns: 804, Time: 00:02:38

Health: 0/24       AC:  4    Str: 12    XL:     2   Next: 62%
Magic:  3/3        EV: 10    Int: 13    God:    Lugonu [*.....]
Gold:   82         SH:  0    Dex: 12    Spells: 0 memorised, 1 level left

rFire  + . .     SeeInvis .     a - +1 hand axe
rCold  . . .     Clarity  .     b - +0 leather armour
rNeg   . . .     SustAt   .     (no shield)
rPois  .         Gourm    .     (no helmet)
rElec  .         Spirit   .     d - +0 cloak
rCorr  .         Warding  .     (no gloves)
rMut   .         Stasis   .     (no boots)
MR     .....                    (no amulet)
Stlth  +.........               (no ring)
                                (no ring)

@: heavily drained, not resistant to hostile enchantments, very unstealthy
A: fire resistance 1
a: Depart the Abyss, Renounce Religion


You were on level 1 of the Dungeon.
You worshipped Lugonu.
Lugonu was aware of your devotion.
You were not hungry.

You visited 1 branch of the dungeon, and saw 1 of its levels.
You visited the Abyss 1 time.

You collected 82 gold pieces.

Inventory:

Hand Weapons
 a - a +1 hand axe (weapon)
Armour
 b - a +0 leather armour (worn)
 d - a +0 cloak (worn)
Jewellery
 e - an uncursed ring of flight {unknown}
Wands
 f - a wand of paralysis (15)
Scrolls
 g - 2 scrolls of immolation {unknown}
 i - 2 scrolls of random uselessness {unknown}
Comestibles
 c - 2 bread rations
 h - a meat ration
 j - a chunk of flesh


   Skills:
 + Level 3.2(1.7) Fighting
 + Level 2.0(0.5) Axes
 * Level 2.2(0.7) Armour
 + Level 1.1(0.0) Dodging
 + Level 2.6(1.1) Invocations


You had one spell level left.
You didn't know any spells.

Dungeon Overview and Level Annotations

Branches:
Dungeon (1/15)

Altars:


Innate Abilities, Weirdness & Mutations

Your flesh is heat resistant.


Message History

* * * LOW HITPOINT WARNING * * *
You feel drained.
* * * LOW HITPOINT WARNING * * *
The kobold hits you but does no damage.
You feel drained.
You hit the kobold but do no damage.
The kobold is severely wounded.
The kobold barely misses you.
You hit the kobold.
You kill the kobold!
Lugonu accepts your kill.
The kobold throws a stone.
The stone barely misses you.
The kobold throws a stone.
The stone hits you but does no damage.
Unknown command.
Your resistance to elements expires.
The kobold hits you but does no damage.
You hit the kobold but do no damage. The kobold barely misses you.
You hit the kobold.
The kobold is almost dead.
The kobold hits you.
You die...

######## . ##.?....##
..##.(......####
...............# #####
.............# ...K
..#..........# #..####
.....(.((....# ##..#...
.......@)....# #.....#
####....K....##
#....### #...........#
#.......
#...........###..%####
#..........รท.......)..
#...........>...######
#.%.........##..##..
##......)....#......
##......###...##...


You could see a kobold.

Vanquished Creatures
  4 giant cockroaches (D:1)
  2 goblins (D:1)
  3 hobgoblins (D:1)
  A kobold (D:1)
  3 bats (D:1)
  2 giant newts (D:1)
  5 rats (D:1)
20 creatures vanquished.

Vanquished Creatures (others)
  A brain worm (Abyss:2)
1 creature vanquished.

Grand Total: 21 creatures vanquished

Notes
Turn   | Place    | Note
--------------------------------------------------------------
     0 | Abyss:1  | Gargoyl the Demonspawn Abyssal Knight began the quest for the Orb.
     0 | Abyss:1  | Reached XP level 1. HP: 18/18 MP: 2/2
    47 | Abyss:1  | Noticed a quasit
   140 | Abyss:2  | Noticed a hellwing
   152 | Abyss:2  | Killed a brain worm
   171 | Abyss:2  | Noticed a small abomination
   175 | D:1      | Escaped the Abyss
   431 | D:1      | Reached * piety under Lugonu
   583 | D:1      | Gained mutation: Your flesh is heat resistant. [demonic ancestry]
   583 | D:1      | Reached XP level 2. HP: 22/24 MP: 3/3
   770 | D:1      | Reached skill level 1 in Dodging
   799 | D:1      | HP: 1/24 [kobold/short sword of draining (1)]
   804 | D:1      | Slain by a kobold

Action                   || total
-------------------------++-------
Melee: Hand axe          ||    77
Invok: Depart the Abyss  ||     1
  Use: Scroll            ||     1
       Potion            ||     1
